 Dungeon Crawl Stone Soup version 0.32-a0-818-gb728d0252e (webtiles) character file.

Game seed: 15421689931543098439

539441 shorse the Metamorph (level 25, -3/297 HPs)
             Began as a Naga Hedge Wizard on Mar 24, 2024.
             Was a High Priest of Cheibriados.
             Slain by a bennu (11 damage)
             ... on level 2 of the Tomb of the Ancients.
             The game lasted 07:32:13 (48563 turns).

shorse the Metamorph (Naga Hedge Wizard)           Turns: 48563, Time: 07:32:18

Health: -3/297     AC: 33    Str: 25 (28) XL:     25   Next: 93%
Magic:  42/43      EV: 10    Int: 25 (32) God:    Cheibriados [*****.]
Gold:   2148       SH: 28    Dex: 24      Spells: 6/56 levels left

rFire   + + .        X - +9 broad axe (heavy)
rCold   + + .        V - +5 tower shield {rF+}
rNeg    + + .        L - melded +1 robe of Beogh's Generosity {^Contam rN++ Regen+ rCorr}
rPois   ∞            l - +0 helmet
rElec   +            S - scarf {rC+ rF+}
rCorr   +            p - melded +0 pair of gloves
SInv    +            f - melded +2 barding {Fly}
Will    +++++        C - amulet of Qakhod {rPois rN+ RegenMP+}
Stlth   ++           e - ring of resist corrosion
HPRegen 0.69/turn    k - ring of Arrival {rC+ Will++ Stlth+}
MPRegen 0.68/turn

%: no passive effects
@: mighty, statue-form, contaminated, glowing, studying Translocations, very
slow
A: slow and powerful, torment resistance 1, boosted hp, AC +8, large, see
invisible, deformed body, poison resistance, (slowness 2), spit poison 1, naga
tail 2, camouflage 1, dopey 1
}: 3/15 runes: serpentine, barnacled, silver
a: Spit Poison, Begin Untransformation, Renounce Religion, Bend Time, Temporal
Distortion, Slouch, Step From Time


You were on level 2 of the Tomb of the Ancients.
You worshipped Cheibriados.
Cheibriados was extremely pleased with you.
You were a living statue of rough stone.
You visited 10 branches of the dungeon, and saw 44 of its levels.
You also visited: Ossuary, Ice Cave and Wizlab.

You collected 6281 gold pieces.
You spent 4133 gold pieces at shops.

Inventory:

Hand Weapons
 O - a +7 broad axe of electrocution
 X - a +9 heavy broad axe (weapon)
Missiles
 Q - 6 silver javelins (quivered)
 U - 2 javelins
Armour
 c - a +0 kite shield of resistance
 f - a +2 barding of flying (melded)
 l - a +0 helmet (worn)
 p - a +0 pair of gloves (melded)
 B - the +3 robe of the Stag {rElec Slay+2 Archmagi}
   (You took it off Boris on level 3 of the Vaults)

   Slay+2:    It affects your accuracy & damage with ranged weapons and melee
   (+2).
   rElec:     It insulates you from electricity.
   Archmagi:  It increases the power of your magical spells.
 F - a scarf of repulsion
 I - the +18 shield of the Gong {Loud rN+ Will+ rCorr EV-5}
   (You found it on level 5 of the Vaults)

   Loud:      It is deafeningly noisy when blocking attacks.
   EV-5:      It affects your evasion (-5).
   rN+:       It protects you from negative energy.
   Will+:     It increases your willpower.
   rCorr:     It protects you from acid and corrosion.
 L - the +1 robe of Beogh's Generosity (melded) {^Contam rN++ Regen+ rCorr}
   (You took it off a deep elf elementalist on level 3 of the Elven Halls)

   rN++:      It greatly protects you from negative energy.
   ^Contam:   It causes magical contamination when unequipped.
   Regen+:    It increases your rate of health regeneration.
   rCorr:     It protects you from acid and corrosion.
 S - a scarf of resistance (worn)
 V - a +5 tower shield of fire resistance (worn)
Magical Staves
 E - a staff of conjuration
Jewellery
 d - a ring of wizardry
 e - a ring of resist corrosion (left fist)
 k - the ring of Arrival (right fist) {rC+ Will++ Stlth+}
   (You bought it in a shop on level 6 of the Dungeon)

   [ring of protection from cold]

   rC+:       It protects you from cold.
   Will++:    It greatly increases your willpower.
   Stlth+:    It makes you more stealthy.
 s - a ring of flight
 t - the ring "Girgh" {rPois rF+ rN+ Dex+3 Stlth+}
   (You found it on level 3 of the Crypt)

   [ring of protection from fire]

   Dex+3:     It affects your dexterity (+3).
   rF+:       It protects you from fire.
   rPois:     It protects you from poison.
   rN+:       It protects you from negative energy.
   Stlth+:    It makes you more stealthy.
 C - the amulet of Qakhod (around neck) {rPois rN+ RegenMP+}
   (You bought it in a shop on level 6 of the Dungeon)

   [amulet of magic regeneration]

   It increases your rate of magic regeneration.
   rPois:     It protects you from poison.
   rN+:       It protects you from negative energy.
   RegenMP+:  It increases your rate of magic regeneration.
Talismans
 h - a talisman of death
 o - a granite talisman (active)
Wands
 m - a wand of iceblast (18)
 z - a wand of light (17)
 A - a wand of digging (11)
Scrolls
 g - 4 scrolls of immolation
 i - 4 scrolls of fog
 q - 12 scrolls of teleportation
 u - 4 scrolls of poison
 w - 4 scrolls of amnesia
 x - 8 scrolls of identify
 y - 2 scrolls of blinking
 G - 2 scrolls of butterflies
 K - 4 scrolls of revelation
 T - a scroll of fear
 Z - 3 scrolls of torment
Potions
 a - 7 potions of attraction
 b - 9 potions of enlightenment
 j - 7 potions of curing
 n - 6 potions of might
 v - 13 potions of brilliance
 D - a potion of cancellation
 H - 5 potions of lignification
 J - 2 potions of resistance
 R - 12 potions of mutation
Miscellaneous
 Y - a lightning rod (4/4)


   Skills:
 - Level 14.0 Fighting
 - Level 2.0 Long Blades
 - Level 5.8(6.0) Axes
 - Level 2.0(4.1) Polearms
 - Level 2.0 Throwing
 - Level 3.0 Armour
 - Level 3.3 Dodging
 - Level 5.0 Stealth
 - Level 18.0 Shields
 - Level 16.1 Spellcasting
 - Level 10.0 Conjurations
 - Level 6.0 Hexes
 - Level 3.8 Summonings
 - Level 8.0 Necromancy
 - Level 5.0 Translocations
 - Level 18.0 Fire Magic
 - Level 8.0 Ice Magic
 - Level 8.0 Air Magic
 - Level 4.0 Earth Magic
 - Level 6.0 Alchemy
 - Level 11.0 Invocations
 - Level 1.5 Evocations
 * Level 19.9 Shapeshifting


You had 6 spell levels left.
You knew the following spells:

 Your Spells              Type           Power      Damage    Failure   Level
a - Lesser Beckoning      Tloc           90%        N/A       1%          2
b - Conjure Ball Lightni  Conj/Air       30%        3x3d10    19%         6
c - Ignition              Fire           41%        3d12      21%         8
d - Blink                 Tloc           90%        N/A       1%          2
e - Spellforged Servitor  Conj/Summ      26%        N/A       94%         7
g - Sticky Flame          Fire/Alch      69%        2d11      1%          4
i - Freezing Cloud        Conj/Ice/Air   29%        6-21      4%          5
j - Olgreb's Toxic Radia  Alch           50%        N/A       4%          4
k - Ozocubu's Armour      Ice            57%        N/A       1%          3
l - Yara's Violent Unrav  Hex/Alch       25%        3d11      12%         5
m - Dispel Undead         Necr           57%        3d20      1%          4

Your spell library contained the following spells:

 Spells                   Type           Power      Damage    Failure   Level
 Foxfire                  Conj/Fire      100%       2x1d9     0%          1
 Freeze                   Ice            100%       1d10      1%          1
 Kiss of Death            Conj/Necr      100%       2d13      1%          1
 Magic Dart               Conj           100%       1d8       1%          1
 Necrotise                Necr           100%       1d9       1%          1
 Shock                    Conj/Air       100%       1d9       1%          1
 Slow                     Hex            100%       N/A       1%          1
 Sting                    Conj/Alch      100%       1d9       1%          1
 Summon Small Mammal      Summ           100%       N/A       1%          1
 Call Imp                 Summ           78%        N/A       1%          2
 Cigotuvi's Dreadful Rot  Necr/Alch/Air  100%       N/A       1%          2
 Ensorcelled Hibernation  Hex/Ice        100%       N/A       1%          2
 Jinxbite                 Hex            100%       N/A       1%          2
 Mercury Vapours          Alch/Air       100%       N/A       1%          2
 Searing Ray              Conj           100%       2d8       1%          2
 Confusing Touch          Hex            50%        N/A       1%          3
 Dazzling Flash           Conj/Hex       100%       N/A       1%          3
 Frozen Ramparts          Ice            100%       1d16      1%          3
 Fugue of the Fallen      Necr           57%        N/A       1%          3
 Gell's Gravitas          Tloc           45%        N/A       1%          3
 Hailstorm                Conj/Ice       60%        3d11      1%          3
 Inner Flame              Hex/Fire       69%        N/A       1%          3
 Mephitic Cloud           Conj/Alch/Air  57%        N/A       1%          3
 Sigil of Binding         Hex            50%        N/A       1%          3
 Stone Arrow              Conj/Erth      100%       3d13      1%          3
 Swiftness                Air            57%        N/A       1%          3
 Teleport Other           Tloc           45%        N/A       1%          3
 Tukima's Dance           Hex            50%        N/A       1%          3
 Vampiric Draining        Necr           57%        2d10      1%          3
 Volatile Blastmotes      Fire/Tloc      100%       2d18      1%          3
 Airstrike                Air            28%        2d(5-21)  1%          4
 Animate Dead             Necr           57%        N/A       1%          4
 Flame Wave               Conj/Fire      74%        2d16      1%          4
 Fulminant Prism          Conj/Alch      28%        3d14      1%          4
 Ignite Poison            Fire/Alch      69%        N/A       1%          4
 Summon Blazeheart Golem  Fire/Summ      65%        N/A       1%          4
 Fireball                 Conj/Fire      37%        3d15      1%          5
 Anguish                  Hex/Necr       26%        N/A       2%          4
 Iskenderun's Mystic Bla  Conj/Tloc      55%        2d12      2%          4
 Iskenderun's Battlesphe  Conj           63%        2d11      2%          5
 Starburst                Conj/Fire      37%        6d11      2%          6
 Call Canine Familiar     Summ           39%        N/A       3%          3
 Passwall                 Erth           40%        N/A       3%          3
 Arcjolt                  Conj/Air       30%        1d40      3%          5
 Plasma Beam              Fire/Air       35%        2x1d49    3%          6
 Cause Fear               Hex            25%        N/A       4%          4
 Martyr's Knell           Necr/Summ      49%        N/A       4%          4
 Dimensional Bullseye     Hex/Tloc       23%        N/A       5%          4
 Curse of Agony           Necr           57%        N/A       5%          5
 Irradiate                Conj/Alch      28%        3d21      5%          5
 Leda's Liquefaction      Alch/Erth      22%        N/A       6%          4
 Manifold Assault         Tloc           45%        N/A       6%          4
 Passage of Golubria      Tloc           45%        N/A       6%          4
 Petrify                  Alch/Erth      45%        N/A       6%          4
 Metabolic Englaciation   Hex/Ice        26%        N/A       8%          5
 Silence                  Hex/Air        26%        N/A       8%          5
 Animate Armour           Summ/Erth      78%        N/A       10%         4
 Borgnjor's Vile Clutch   Necr/Erth      25%        N/A       12%         5
 Summon Mana Viper        Hex/Summ       44%        N/A       19%         5
 Summon Forest            Summ/Tloc      21%        N/A       22%         5
 Lee's Rapid Deconstruct  Erth           20%        3d12*     26%         5
 Death Channel            Necr           28%        N/A       28%         6
 Bombard                  Conj/Erth      26%        9d5       41%         6
 Sculpt Simulacrum        Ice/Alch       26%        N/A       41%         6
 Eringya's Noxious Bog    Alch           25%        4d6       54%         6
 Permafrost Eruption      Ice/Erth       25%        2x4d8     54%         6
 Dispersal                Tloc           22%        N/A       69%         6
 Summon Cactus Giant      Summ           19%        N/A       85%         6
 Orb of Destruction       Conj           31%        9d10      56%         7
 Enfeeble                 Hex            25%        N/A       98%         7
 Haunt                    Necr/Summ      24%        N/A       98%         7
 Summon Hydra             Summ           19%        N/A       100%        7
 Borgnjor's Revivificati  Necr           28%        N/A       100%        8
 Discord                  Hex            25%        N/A       100%        8
 Disjunction              Tloc           22%        N/A       100%        8
 Infestation              Necr           28%        N/A       100%        8
 Lehudib's Crystal Spear  Conj/Erth      26%        10d7      100%        8
 Death's Door             Necr           28%        N/A       100%        9
 Fire Storm               Conj/Fire      37%        8d9       100%        9
 Sublimation of Blood     Necr           Unusable   N/A       N/A         2

Dungeon Overview and Level Annotations

Branches:
Dungeon (15/15)            Temple (1/1) D:7            Lair (5/5) D:11
 Shoals (4/4) Lair:3        Snake (4/4) Lair:2        Slime (0/5) Lair:5
    Orc (2/2) D:10            Elf (3/3) Orc:2        Vaults (5/5) D:13
  Crypt (3/3) Vaults:3       Tomb (2/3) Crypt:3      Depths (0/4) D:15
Ossuary (visited)           IceCv (visited)          WizLab (visited)

Altars:
Ashenzari
Cheibriados
Dithmenos
Elyvilon
Fedhas
Gozag
Hepliaklqana
Kikubaaqudgha
Makhleb
Nemelex Xobeh
Okawaru
Qazlal
Ru
Sif Muna
Trog
Uskayaw
Vehumet
Wu Jian
Xom
Yredelemnul
Zin
The Shining One
Jiyva

Shops:
D:6 *==[   Orc:2 (:(!   Elf:1 ?   Shoals:1 ?:?(*   Snake:1 (**   Vaults:2 [
Vaults:3 ?   Vaults:4 (

Annotations:
Tomb:2 Mennas


Innate Abilities, Weirdness & Mutations

You are a living statue of rough stone.
Your actions are slow, but your melee attacks are powerful.
You are resistant to unholy torment.
Your maximum health is greatly increased.
Your equipment is partially melded.
((Your serpentine skin is tough. (AC +8)))
You are immune to poison.
You have supernaturally acute eyesight. (SInv)
Armour fits poorly on your strangely shaped body.
Your system is resistant to poisons. (rPois)
((You cover ground very slowly.))
You can spit poison.
You can use your snake-like lower body to constrict enemies.
Your skin changes colour to match your surroundings (Stealth+).
You are dopey. (Int -2)


Message History

* * * LOW HITPOINT WARNING * * *
The bennu completely misses you.
The bennu claws you but does no damage. x2
Your body shudders with the violent release of wild energies!
You feel stupid.
Okay, then.
Unknown command.
Okay, then.
Unknown command.
Okay, then.
Unknown command.
Unknown command.
Magic scrolls do not work when you're silenced!
You cannot cast spells when silenced!
Okay, then.
Unknown command.
Okay, then.
Unknown command.
Okay, then.
Unknown command.
Unknown command.
You chop the bennu into pieces!!! Your grab misses the bennu.
The bennu is almost dead.
You slice the guardian mummy!!
Mennas becomes audible again.
You block Mennas's attack.
Mennas hits you from afar with a +2 trishula of holy wrath.
* * * LOW HITPOINT WARNING * * *
You block the bennu's attack. x2; The bennu claws you but does no damage.
You block Mennas's attack. Mennas hits you but does no damage.
The bennu misses you. The bennu claws you but does no damage.
The bennu barely misses you.
Mennas hits you from afar with a +2 trishula of holy wrath!!
* * * LOW HITPOINT WARNING * * *
Mennas hits you but does no damage. The guardian mummy hits you!
* * * LOW HITPOINT WARNING * * *
The ancient champion casts a spell.
The ancient champion seems to speed up.
The bennu pecks you.
* * * LOW HITPOINT WARNING * * *
The bennu claws you!
You die...
Cheibriados appreciates the motionlessness of death.

............#,,,,,*
........##..#,..,,*
........##..#^..^,*
.........<..###'###
............#.....#
............#....^#
....##......#.....#
..?.##......#...)^#
.........#..#...I.#
.........##.#<.Mb.#
..........#.#..MA[#
.)..........#...z.#
............#.....#
............#^....#
............###M###
....##......#,...,*
....##......#.....*


You could see Mennas, a bennu, an ancient champion (fast), a mummy priest and 2
guardian mummies.

Vanquished Creatures
  2 dread liches (Crypt:3)
  An ancient lich (Crypt:3)
  Mara (Vaults:2)
  19 royal mummies
  Boris (4 times) (Vaults:1 Vaults:3 Crypt:1 Tomb:1)
  Vashnia (Snake:4)
  2 golden dragons (Vaults:5)
  2 bone dragons (Crypt:3)
  2 tentacled monstrosities (Vaults:4)
  2 deep elf master archers (Elf:3)
  6 titans
  4 quicksilver dragons
  A kraken (Shoals:4)
  7 liches
  2 deep elf blademasters (Elf:3)
  15 sphinxes
  Frances (Snake:1)
  11 ancient champions
  8 shadow dragons
  3 tengu reavers
  A storm dragon (Vaults:5)
  Ilsuiw (Shoals:3)
  4 revenants
  Aizul (Snake:1)
  6 nagarajas (Snake:4)
  A fire giant (Vaults:5)
  2 curse skulls
  5 frost giants
  3 spectral caustic shrikes (WizLab)
  17 vault wardens
  7 deep elf sorcerers
  Louise (Shoals:4)
  2 deep elf elementalists (Elf:3)
  14 ironbound preservers
  6 ghouls
  A caustic shrike zombie (WizLab)
  A juggernaut skeleton (Crypt:3)
  4 very ugly things (Vaults:5)
  A reaper (IceCv)
  5 stone giants
  7 ironbound thunderhulks
  4 formless jellyfish
  7 deep elf demonologists (Elf:3)
  5 vampire knights
  6 deep elf annihilators
  15 deep elf death magi
  6 bennus
  7 dire elephants (Vaults:1)
  2 spectral titans (WizLab)
  6 war gargoyles
  4 halazid warlocks (WizLab)
  4 eidola
  8 ettins
  A spectral quicksilver dragon (WizLab)
  Snorg (Orc:2)
  14 mummy priests
  A crystal guardian (Vaults:3)
  4 merfolk javelineers
  14 yaktaur captains
  6 deep elf high priests
  11 jiangshi
  Josephine (D:11)
  2 quicksilver dragon zombies (WizLab)
  2 spriggan zombies
  3 entropy weavers
  A rakshasa (D:15)
  6 merfolk impalers
  8 great orbs of eyes
  35 vault guards
  5 hydras
  9 ironbound frosthearts
  4 peacekeepers
  A caustic shrike simulacrum (Crypt:2)
  8 centaur warriors
  An Orb Guardian zombie (Crypt:2)
  3 merfolk avatars
  3 salamander tyrants (Snake:4)
  4 merfolk aquamancers (Shoals:4)
  A death knight (D:10)
  An alligator snapping turtle (Shoals:4)
  4 ogre magi (Vaults:5)
  4 boulder beetles
  38 dancing weapons
  5 anacondas
  3 catoblepae (Lair:5)
  A spriggan skeleton (Tomb:1)
  7 two-headed ogres
  21 death scarabs (Tomb:1)
  A deep troll earth mage (Vaults:5)
  16 naga warriors
  3 satyrs (Shoals:4)
  4 orc high priests (Orc:2)
  14 naga sharpshooters
  13 death yaks
  An emperor scorpion zombie (Crypt:2)
  A soul eater (Crypt:3)
  9 vampire magi
  A storm dragon zombie (Vaults:5)
  5 shock serpents
  22 deep elf knights
  34 skeletal warriors
  4 titan zombies
  11 shadow wraiths
  Amaemon (D:11)
  2 storm dragon skeletons
  32 deep trolls
  12 sea snakes
  2 salamander mystics
  2 skysharks
  An anaconda zombie (Crypt:3)
  2 flayed ghosts
  7 arcanists
  18 ironbound convokers
  8 mana vipers
  18 harpies
  3 orc knights
  A bunyip skeleton (Tomb:2)
  3 bog bodies (Crypt:1)
  6 naga ritualists
  A shadow dragon zombie (Tomb:2)
  The ghost of UristMcRaven the Thaumaturge, a novice DECj (D:7)
  15 deep elf archers
  40 deep elf pyromancers
  2 obsidian bats
  9 necromancers
  4 thermic dynamos (Elf:1)
  An anaconda skeleton (Crypt:3)
  6 lindwurms
  33 deep elf zephyrmancers
  A broodmother zombie (Crypt:1)
  An oklob plant (Lair:4)
  29 ugly things
  4 orc sorcerers
  9 phantasmal warriors
  11 cyclopes
  20 manticores
  8 fauns
  A manticore (shapeshifter) (Vaults:5)
  15 salamanders
  A salamander (shapeshifter) (Vaults:5)
  3 centaur zombies
  An iron dragon skeleton (Crypt:2)
  15 elephants
  25 vault sentinels
  2 alligator snapping turtle zombies
  2 ice statues (IceCv)
  4 guardian serpents
  2 dire elephant zombies
  13 naga magi
  A torpor snail (Lair:4)
  11 merfolk sirens
  3 water nymphs (Shoals:4)
  An orange demon (D:11)
  3 centaur skeletons (D:11)
  31 black mambas
  15 cane toads
  2 rime drakes
  10 komodo dragons
  2 kobold demonologists (D:10)
  Jeremiah (D:7)
  2 unseen horrors (D:12)
  An efreet (D:9)
  32 yaktaurs
  4 anaconda simulacra (IceCv)
  A minotaur zombie (Crypt:3)
  A tengu conjurer (D:13)
  Maggie (D:10)
  2 freezing wraiths
  A great orb of eyes zombie (Crypt:3)
  4 ice devils (IceCv)
  22 guardian mummies
  2 wind drakes
  4 polar bears
  2 harpy zombies
  10 trolls
  A harpy skeleton (Crypt:1)
  18 merfolk
  2 hornets
  3 hellwings (D:11)
  An elf zombie (Vaults:5)
  8 snapping turtles
  A wind drake (shapeshifter) (D:15)
  2 ettin zombies (Vaults:2)
  16 blink frogs
  A stone giant simulacrum (Vaults:2)
  A death drake skeleton (Crypt:2)
  20 dream sheep
  42 slime creatures
  A centaur simulacrum (D:13)
  A shadow (D:9)
  A spriggan (shapeshifter) (D:13)
  An air elemental (Elf:3)
  A satyr skeleton (Crypt:1)
  10 ushabtiu
  2 vampires
  11 wraiths
  6 water elementals
  A black mamba skeleton (Crypt:2)
  An alligator snapping turtle simulacrum (Crypt:1)
  A human (D:13)
  4 wyverns
  A tyrant leech zombie (Crypt:1)
  76 yaks
  5 basilisks
  4 fire elementals
  5 wargs
  2 redbacks
  4 steam dragons
  16 vampire mosquitoes
  A death yak simulacrum (IceCv)
  A swamp worm (shapeshifter) (Elf:3)
  A redback (shapeshifter) (Vaults:5)
  4 harpy simulacra (IceCv)
  An acid dragon (D:9)
  43 nagas
  14 water moccasins
  A demonspawn skeleton (Crypt:3)
  2 hydra simulacra (IceCv)
  Duvessa (D:7)
  A glowing shapeshifter skeleton (Vaults:5)
  A naga zombie (Crypt:2)
  3 naga skeletons
  2 black bears
  An ice beast (D:5)
  24 orc warriors
  A sky beast (D:6)
  5 boggarts
  2 human zombies (Vaults:2)
  An ice beast (shapeshifter) (Elf:3)
  26 laughing skulls
  A manticore skeleton (Crypt:1)
  9 ogres
  19 wolves
  A hog zombie (Crypt:1)
  18 centaurs
  An elephant skeleton (Crypt:2)
  2 kobold brigands
  A rime drake skeleton (Crypt:1)
  2 two-headed ogre simulacra (IceCv)
  5 gnoll sergeants
  11 bullfrogs
  A cane toad simulacrum (IceCv)
  A glowing shapeshifter simulacrum (Vaults:2)
  4 human skeletons
  A scorpion (D:7)
  10 wights
  A burial acolyte (Ossuary)
  Dowan (D:7)
  4 killer bees
  A shapeshifter skeleton (Crypt:1)
  7 electric eels
  8 howler monkeys
  2 bombardier beetles (D:5)
  A jelly (D:6)
  4 hounds
  A hound (shapeshifter) (Elf:1)
  32 orc priests
  A sleepcap (D:7)
  A gnoll bouda (D:8)
  Jessica (D:3)
  An iguana (D:6)
  47 orc wizards
  2 spriggan simulacra
  A killer bee zombie (Crypt:3)
  27 mummies
  20 gnolls
  A naga simulacrum (IceCv)
  2 adders (D:4)
  A steam dragon skeleton (Crypt:2)
  2 shadow imps
  2 white imps
  An ufetubus (IceCv)
  2 adder skeletons (Ossuary)
  A dart slug (D:1)
  100 orcs
  7 ball pythons
  4 endoplasms
  4 giant cockroaches
  3 goblins
  5 hobgoblins
  7 jackals
  3 quokkas
  3 ball python skeletons (Ossuary)
  8 bats
  2 frilled lizards (D:1)
  A frilled lizard zombie (Crypt:2)
  A giant cockroach zombie (Crypt:2)
  A gnoll skeleton (Crypt:2)
  A hobgoblin skeleton (Ossuary)
  A hobgoblin zombie (Crypt:2)
  10 kobolds
  3 kobold skeletons
  3 orc skeletons
  An orc zombie (Crypt:2)
  3 rats
  A river rat skeleton (Crypt:3)
  4 tentacles (Shoals:4)
2040 creatures vanquished.

Vanquished Creatures (collateral kills)
  A two-headed ogre (D:10)
  A shadow (D:7)
  A black bear (D:7)
  A scorpion (D:6)
  4 wights
  2 hounds
  An orc priest (D:11)
  A sleepcap (D:6)
  An orc wizard (D:3)
  A gnoll (D:5)
  A shadow imp (D:8)
  2 ufetubi (D:6)
  A ribbon worm (D:3)
  13 orcs
  2 bats
  6 endoplasms
  2 hobgoblins
  A jackal (D:4)
  2 ball pythons
  A frilled lizard (D:1)
  3 kobolds
  A rat (D:1)
49 creatures vanquished.

Vanquished Creatures (others)
  A deep elf demonologist (Vaults:4)
  A deep elf knight (Elf:2)
  A shadow wraith (Crypt:2)
  2 deep elf zephyrmancers
  A deep elf pyromancer (D:13)
  An air elemental (Elf:1)
  An orc (Vaults:5)
  33 ball lightnings
  4 tentacles (Shoals:4)
45 creatures vanquished.

Grand Total: 2134 creatures vanquished

Notes
Turn   | Place    | Note
-------+----------+-------------------------------------------
     0 | D:1      | shorse the Naga Hedge Wizard began the quest for the Orb.
     0 | D:1      | Reached XP level 1. HP: 15/15 MP: 4/4
   173 | D:1      | Reached XP level 2. HP: 22/22 MP: 1/6
   210 | D:1      | Learned a level 2 spell: Call Imp
   544 | D:1      | Reached XP level 3. HP: 28/28 MP: 7/7
   548 | D:1      | Learned a level 3 spell: Mephitic Cloud
   549 | D:1      | Found a faded altar of an unknown god.
   642 | D:1      | Learned a level 2 spell: Blink
   831 | D:1      | Reached skill level 1 in Alchemy
  1710 | D:2      | Reached XP level 4. HP: 36/36 MP: 5/8
  1948 | D:3      | Reached skill level 1 in Air Magic
  2034 | D:3      | Reached XP level 5. HP: 23/42 MP: 6/9
  2081 | D:3      | Noticed Jessica
  2334 | D:3      | Killed Jessica
  2433 | D:3      | Found a burning altar of Makhleb.
  3191 | D:4      | Reached XP level 6. HP: 49/49 MP: 4/10
  3418 | D:4      | Found a radiant altar of Vehumet.
  3673 | D:5      | Entered Level 5 of the Dungeon
  3931 | D:5      | Reached skill level 1 in Polearms
  3996 | D:5      | Reached XP level 7. HP: 32/56 MP: 5/12
  4072 | D:5      | Reached skill level 1 in Fighting
  4157 | D:5      | Reached skill level 1 in Evocations
  4456 | D:5      | Found an ornate altar of the Wu Jian Council.
  4728 | D:6      | Reached skill level 5 in Spellcasting
  4801 | D:6      | Reached XP level 8. HP: 32/67 MP: 9/15
  4821 | D:6      | Reached skill level 1 in Armour
  4849 | D:6      | Found a sand-covered staircase.
  4854 | D:6      | Found Bujo Baz's Jewellery Shop.
  4907 | Ossuary  | Entered an ossuary
  5254 | D:6      | Found Asuq's Jewellery Boutique.
  5270 | D:6      | Noticed a yak
  5273 | D:6      | Found Vasotea Cipn's Assorted Antiques.
  5276 | D:6      | Noticed a yak
  5276 | D:6      | Noticed a yak
  5284 | D:6      | Noticed a yak
  5287 | D:6      | Noticed a yak
  5293 | D:6      | Killed a yak
  5294 | D:6      | Reached skill level 5 in Fighting
  5294 | D:6      | Reached skill level 1 in Earth Magic
  5294 | D:6      | Killed a yak
  5295 | D:6      | Reached XP level 9. HP: 81/81 MP: 4/18
  5317 | D:6      | Learned a level 3 spell: Stone Arrow
  5392 | D:6      | Found Wedagh Ilum's Armour Boutique.
  5734 | D:7      | Found a runed translucent door.
  5734 | D:7      | Found a shimmering altar of Xom.
  5734 | D:7      | Noticed UristMcRaven's ghost (novice DECj)
  5735 | D:7      | Noticed a +0 whip of chaos
  5793 | D:7      | Found a staircase to the Ecumenical Temple.
  5811 | Temple   | Entered the Ecumenical Temple
  5922 | D:7      | Noticed Dowan
  6021 | D:7      | Noticed Jeremiah
  6036 | D:7      | Killed Jeremiah
  6130 | D:7      | Reached XP level 10. HP: 76/96 MP: 14/20
  6143 | D:7      | Noticed a skeletal warrior
  6212 | D:7      | Noticed Duvessa
  6230 | D:7      | Killed Duvessa
  6232 | D:7      | Killed Dowan
  6856 | D:8      | Reached skill level 5 in Stealth
  7003 | D:8      | Found a snail-covered altar of Cheibriados.
  7025 | D:8      | Became a worshipper of Cheibriados the Contemplative
  7077 | D:8      | Found a glowing golden altar of the Shining One.
  7141 | D:8      | Reached skill level 1 in Shields
  7212 | D:8      | Found an opulent altar of Gozag.
  7213 | D:8      | Found a glowing silver altar of Zin.
  7376 | D:8      | Found a shimmering blue altar of Sif Muna.
  7391 | D:8      | Got Sif Muna's Folio of the Burn
  7737 | D:9      | Reached * piety under Cheibriados
  7751 | D:9      | Reached skill level 5 in Shields
  8026 | D:9      | Reached ** piety under Cheibriados
  8027 | D:9      | Reached XP level 11. HP: 104/105 MP: 19/21
  8185 | D:9      | Found an ancient bone altar of Kikubaaqudgha.
  8344 | D:10     | Entered Level 10 of the Dungeon
  8352 | D:10     | Noticed Maggie
  8425 | D:10     | Noticed a soul eater
  8540 | D:10     | Noticed a manticore
  8547 | D:10     | Killed Maggie
  8562 | D:10     | Killed a manticore
  8574 | D:10     | Identified the +4 flail "Faphiwon" {drain, *Slow rCorr
                  | Dex-5 SInv}
  8630 | D:10     | Noticed a two-headed ogre
  8640 | D:10     | Identified the ring of Awe {Fire *Corrode Str+7 Int-2}
  8640 | D:10     | Noticed a death knight
  8723 | D:10     | Noticed a boulder beetle
  8730 | D:10     | Killed a two-headed ogre
  8995 | D:9      | Reached *** piety under Cheibriados
  9098 | D:10     | Noticed a cyclops
  9183 | D:9      | Killed a boulder beetle
  9184 | D:9      | Reached skill level 1 in Long Blades
  9302 | D:10     | Noticed a manticore
  9380 | D:10     | Killed a manticore
  9381 | D:10     | Reached skill level 10 in Shields
  9393 | D:10     | Killed a cyclops
  9462 | D:6      | Bought the amulet of Qakhod {rPois rN+ RegenMP+} for 544
                  | gold pieces
  9595 | D:10     | Found a blossoming altar of Fedhas.
  9616 | D:10     | Killed a death knight
  9617 | D:10     | Reached XP level 12. HP: 115/115 MP: 20/23
  9973 | D:10     | Reached skill level 10 in Fighting
 10027 | D:10     | Found a staircase to the Orcish Mines.
 10053 | D:10     | Reached **** piety under Cheibriados
 10130 | D:10     | Identified the staff of a bazaar {rPois rC+ Will+ Int-5
                  | Ice}
 10370 | Orc:1    | Entered Level 1 of the Orcish Mines
 10586 | Orc:2    | Entered Level 2 of the Orcish Mines
 10701 | D:11     | Reached skill level 5 in Invocations
 10757 | D:11     | Found the +4 Cigotuvi's embrace {Corpsefed rMiasma ^Drain
                  | rN+}
 10802 | D:11     | Noticed Amaemon
 10810 | D:11     | Killed Amaemon
 10971 | D:11     | Noticed Josephine
 10978 | D:11     | Killed Josephine
 10985 | D:11     | Gained mutation: You can use your snake-like lower body to
                  | constrict enemies. [Naga growth]
 10985 | D:11     | Reached XP level 13. HP: 116/123 MP: 23/25
 11093 | D:11     | Reached ***** piety under Cheibriados
 11250 | D:11     | Found a staircase to the Lair.
 11287 | D:11     | Learned a level 4 spell: Airstrike
 11819 | D:12     | Got the Spellbook of Vexing Cold
 12347 | D:13     | Identified the +8 glaive of Vukimips {flame, ^Fragile rPois
                  | rN+++ Str-2}
 12351 | D:13     | Noticed a sphinx
 12351 | D:13     | Noticed an ettin
 12352 | D:13     | Noticed a frost giant
 12354 | D:13     | Identified the +7 double sword of the Haunted God {drain,
                  | rF- rC++ rCorr MP-9}
 12408 | D:13     | Killed a frost giant
 12408 | D:13     | Killed an ettin
 12410 | D:13     | Killed a sphinx
 12419 | D:13     | Reached skill level 10 in Spellcasting
 12482 | D:13     | Identified the +10 plate armour of Dukeex {*Corrode rPois
                  | rN+ Will+}
 12675 | D:13     | Reached XP level 14. HP: 54/136 MP: 28/28
 12887 | D:13     | Noticed an ironbound thunderhulk
 12893 | D:13     | Reached skill level 5 in Air Magic
 13041 | Lair:1   | Entered Level 1 of the Lair of Beasts
 14412 | Lair:2   | Found a radiant altar of Vehumet.
 14795 | Lair:2   | Found a staircase to the Snake Pit.
 14888 | Lair:3   | Found a frozen archway.
 14924 | IceCv    | Entered an ice cave
 15268 | IceCv    | Noticed a reaper
 15274 | IceCv    | Killed a reaper
 15588 | Lair:3   | Reached XP level 15. HP: 125/144 MP: 30/30
 15748 | Lair:3   | Found a staircase to the Shoals.
 15842 | Lair:3   | Reached ****** piety under Cheibriados
 16401 | Lair:4   | Learned a level 4 spell: Sticky Flame
 16498 | Lair:4   | Reached skill level 1 in Fire Magic
 16907 | Lair:5   | Entered Level 5 of the Lair of Beasts
 17429 | Lair:5   | Found a viscous altar of Jiyva.
 17429 | Lair:5   | Found a staircase to the Slime Pits.
 17873 | Lair:5   | Reached skill level 1 in Axes
 17902 | Lair:5   | Reached skill level 5 in Fire Magic
 17984 | Lair:5   | Identified the +1 scale mail of Emiz {rN+ Str-3 Int+3}
 18195 | Snake:1  | Entered Level 1 of the Snake Pit
 18206 | Snake:1  | Learned a level 6 spell: Starburst
 18226 | Snake:1  | Reached XP level 16. HP: 127/152 MP: 9/34
 18393 | Orc:2    | Reached skill level 5 in Conjurations
 18482 | Orc:2    | Found Cyog's Distillery.
 18482 | Orc:2    | Found Xeeg's Book Shop.
 18483 | Orc:2    | Found Naivvam's Weapon Shop.
 18487 | Orc:2    | Found Qeonipofu's Weapon Boutique.
 18493 | Orc:2    | Bought a book of Vapours for 416 gold pieces
 18499 | Orc:2    | Learned a level 5 spell: Freezing Cloud
 18530 | Orc:2    | Reached skill level 1 in Ice Magic
 18640 | Orc:2    | Found a staircase to the Elven Halls.
 18682 | Orc:2    | Noticed Snorg
 18702 | Orc:2    | Killed Snorg
 19174 | Orc:2    | Bought a Young Poisoner's Handbook for 320 gold pieces
 19179 | Orc:2    | Learned a level 4 spell: Olgreb's Toxic Radiance
 19320 | D:6      | Bought the ring of Arrival {rC+ Will++ Stlth+} for 585 gold
                  | pieces
 19475 | D:7      | Killed UristMcRaven's ghost
 19746 | Snake:1  | Noticed Frances
 19759 | Snake:1  | Found Bocigy's Assorted Antiques.
 19763 | Snake:1  | Found Maimn's Assorted Antiques.
 19778 | Snake:1  | Found a transporter.
 19780 | Snake:1  | Found a transporter.
 19805 | Snake:1  | Reached skill level 5 in Ice Magic
 19957 | Snake:1  | HP: 7/152 [salamander/arrow (2)]
 20218 | Snake:1  | Identified the serpent talisman of the Pink Corner {rElec
                  | rC- Will+ Str+4}
 20218 | Snake:1  | Noticed Aizul
 20224 | Snake:1  | Killed Aizul
 20249 | Snake:1  | Found Beuniu's Weapon Boutique.
 20363 | Snake:1  | Found a transporter.
 20377 | Snake:1  | Found a transporter.
 20399 | Snake:1  | Identified the +6 dagger "Setzao" {drain, ^Drain rPois
                  | rCorr}
 20403 | Snake:1  | Found a transporter.
 20406 | Snake:1  | Found a transporter.
 20521 | Snake:1  | Killed Frances
 20977 | Snake:2  | Reached skill level 1 in Shapeshifting
 21049 | Snake:2  | Identified the +2 scale mail of Midnight {rN+ Will- Int+3
                  | SInv}
 21097 | Snake:2  | Reached skill level 2 in Shapeshifting
 21229 | Snake:2  | Reached skill level 3 in Shapeshifting
 21285 | Snake:2  | Reached skill level 4 in Shapeshifting
 21848 | Snake:3  | Reached skill level 5 in Shapeshifting
 21924 | Snake:3  | Reached XP level 17. HP: 148/159 MP: 18/35
 21930 | Snake:3  | Reached skill level 6 in Shapeshifting
 22159 | Snake:3  | Found an opulent altar of Gozag.
 22236 | Snake:3  | Reached skill level 7 in Shapeshifting
 22388 | Snake:3  | Got Sutsas's Parchment of Ill-boding Cold
 22461 | Snake:3  | Learned a level 3 spell: Ozocubu's Armour
 22708 | Snake:4  | Entered Level 4 of the Snake Pit
 22718 | Snake:4  | Reached skill level 8 in Shapeshifting
 22812 | Snake:4  | Noticed Vashnia
 23098 | Snake:4  | Reached skill level 9 in Shapeshifting
 23098 | Snake:4  | Killed Vashnia
 23309 | Snake:4  | Reached skill level 10 in Shapeshifting
 24039 | Snake:4  | Noticed a quicksilver dragon
 24237 | Snake:4  | Killed a quicksilver dragon
 24238 | Snake:4  | Reached skill level 11 in Shapeshifting
 24324 | Snake:4  | Reached skill level 1 in Throwing
 24545 | Snake:4  | Got a serpentine rune of Zot
 24804 | Shoals:1 | Entered Level 1 of the Shoals
 24913 | Shoals:1 | Found Neos's Assorted Antiques.
 25111 | Shoals:1 | Learned a level 5 spell: Yara's Violent Unravelling
 25153 | Shoals:1 | Reached XP level 18. HP: 156/168 MP: 36/36
 25374 | Shoals:1 | Found Rufi's Weapon Shoppe.
 25377 | Shoals:1 | Found Ybid's Magic Scroll Emporium.
 25428 | Shoals:1 | Reached skill level 1 in Hexes
 25527 | Shoals:1 | Found Duases's Magic Scroll Shoppe.
 25530 | Shoals:1 | Bought a scroll of enchant armour for 112 gold pieces
 25530 | Shoals:1 | Bought a scroll of enchant weapon for 112 gold pieces
 25569 | Shoals:1 | Found Gawym's Book Shop.
 26400 | Shoals:3 | Noticed Ilsuiw
 26430 | Shoals:3 | Killed Ilsuiw
 26978 | Shoals:3 | Reached skill level 5 in Alchemy
 27197 | Shoals:4 | Entered Level 4 of the Shoals
 27506 | Shoals:4 | Noticed Louise
 27575 | Shoals:4 | Killed Louise
 27686 | Shoals:4 | Reached skill level 12 in Shapeshifting
 28301 | Shoals:4 | Got a barnacled rune of Zot
 28627 | D:13     | Found a gate to the Vaults.
 29018 | D:14     | Found an ancient bone altar of Kikubaaqudgha.
 29137 | D:14     | Reached XP level 19. HP: 175/175 MP: 37/37
 29413 | D:14     | Reached skill level 5 in Hexes
 29592 | D:14     | Found a shadowy altar of Dithmenos.
 29634 | D:15     | Entered Level 15 of the Dungeon
 30076 | D:15     | Found a staircase to the Depths.
 30170 | Vaults:1 | Entered Level 1 of the Vaults
 30319 | Vaults:1 | Reached skill level 13 in Shapeshifting
 30561 | Vaults:1 | Identified the +4 robe of Yghairogg {rN++ Dex+2}
 30561 | Vaults:1 | Noticed Boris
 31138 | Vaults:1 | Reached skill level 10 in Invocations
 31365 | Vaults:1 | Reached skill level 14 in Shapeshifting
 31644 | Vaults:1 | Learned a level 4 spell: Dispel Undead
 31752 | Vaults:1 | Reached skill level 1 in Necromancy
 31856 | Orc:2    | Bought a book of Displacement for 352 gold pieces
 32152 | Vaults:1 | Learned a level 2 spell: Lesser Beckoning
 32160 | Vaults:1 | Killed Boris
 32499 | Vaults:2 | Reached skill level 5 in Necromancy
 32514 | Vaults:2 | Reached XP level 20. HP: 86/183 MP: 14/38
 32729 | Vaults:2 | Reached skill level 5 in Translocations
 32817 | Vaults:2 | Noticed Mara
 33000 | D:6      | Bought a granite talisman for 720 gold pieces
 33172 | Elf:1    | Entered Level 1 of the Elven Halls
 33350 | Elf:1    | Found a shimmering blue altar of Sif Muna.
 33354 | Elf:1    | Reached skill level 15 in Shapeshifting
 33615 | Elf:1    | Found Acimpit's Magic Scroll Boutique.
 33627 | Elf:1    | Bought a scroll of teleportation for 36 gold pieces
 34316 | Elf:1    | Reached skill level 16 in Shapeshifting
 34725 | Elf:2    | Found a runed translucent gate.
 34725 | Elf:2    | Found a runed translucent gate.
 34725 | Elf:2    | Found a runed translucent gate.
 35244 | Elf:2    | Reached skill level 15 in Shields
 35244 | Elf:2    | Reached XP level 21. HP: 185/190 MP: 34/39
 35639 | Elf:3    | Entered Level 3 of the Elven Halls
 35720 | Elf:3    | Paralysed by an air elemental for 1 turns
 35803 | Elf:3    | Identified the +6 morningstar "Cawazxo" {elec, rCorr Dex+3}
 35958 | Elf:3    | Identified the +1 robe of Beogh's Generosity {^Contam rN++
                  | Regen+ rCorr}
 35975 | Elf:3    | Identified the +3 plate armour of Ojuzuhu {^Drain rCorr
                  | Int+3 Dex+3}
 36067 | Elf:3    | Reached skill level 10 in Conjurations
 36104 | Elf:3    | Identified the +3 trident of Gravity {protect, rN+}
 36280 | Elf:3    | Identified the +2 shortbow "Fuwnomer" {flame, Str+4}
 36465 | Elf:3    | Identified the +1 hand axe "Zunnathrek" {freeze, *Rage
                  | rElec Str-2 SInv}
 36504 | Elf:3    | Identified the +8 morningstar "Fuiqorgh" {freeze, rF+
                  | Str+4}
 36715 | Elf:3    | Identified the +1 chain mail of Twilight {Will++}
 36899 | Orc:2    | Bought a potion of magic for 96 gold pieces
 36899 | Orc:2    | Bought a potion of heal wounds for 60 gold pieces
 37329 | Vaults:2 | Found Zahacke's Armour Shoppe.
 37499 | Vaults:2 | Noticed shorse's illusion
 37501 | Vaults:2 | Killed Mara
 38377 | Vaults:3 | Reached XP level 22. HP: 198/198 MP: 40/40
 38419 | Vaults:3 | Identified the +3 robe of the Stag {rElec Slay+2 Archmagi}
 38419 | Vaults:3 | Noticed Boris
 38439 | Vaults:3 | Killed Boris
 38440 | Vaults:3 | Reached skill level 10 in Fire Magic
 38449 | Vaults:3 | Found Lienucso's Magic Scroll Shoppe.
 38751 | Vaults:3 | Found a staircase to the Crypt.
 38837 | Vaults:3 | Bought a scroll of acquirement for 780 gold pieces
 38842 | Vaults:3 | Acquired the Anthology of Coruscating Bodies
 38851 | Vaults:3 | Learned a level 6 spell: Conjure Ball Lightning
 39193 | Vaults:4 | Reached skill level 5 in Axes
 39591 | Vaults:4 | Found Ifrouzoq's Weapon Boutique.
 39956 | Vaults:5 | Entered Level 5 of the Vaults
 40147 | Vaults:5 | Noticed a golden dragon
 40359 | Vaults:5 | Reached XP level 23. HP: 211/211 MP: 30/41
 40709 | Vaults:5 | Noticed a golden dragon
 40715 | Vaults:5 | Killed a golden dragon
 41189 | Vaults:5 | Reached skill level 15 in Fire Magic
 41198 | Vaults:5 | Killed a golden dragon
 41606 | Vaults:5 | Identified the +7 chain mail "Epiuruuc" {-Tele ^Contam
                  | Int+6}
 41733 | Vaults:5 | Identified the scarf of Ohikaock {+Inv, rC+}
 41820 | Vaults:5 | Identified the +8 dagger of Uncomfortable Rashes {flame,
                  | +Blink rElec}
 41989 | Vaults:5 | Got Koowies's Handbook of the Grue
 42121 | Vaults:5 | Got a silver rune of Zot
 42215 | Vaults:5 | Found the +18 shield of the Gong {Loud rN+ Will+ rCorr
                  | EV-5}
 42365 | Vaults:5 | Learned a level 8 spell: Ignition
 42445 | Crypt:1  | Entered Level 1 of the Crypt
 42640 | Crypt:1  | Identified the +4 robe of Ocrutzif {Dex+3}
 42640 | Crypt:1  | Noticed Boris
 42646 | Crypt:1  | Killed Boris
 43342 | Crypt:2  | Found a basalt altar of Yredelemnul.
 43403 | Crypt:2  | Reached XP level 24. HP: 209/209 MP: 41/41
 43417 | Crypt:2  | Found a magical portal.
 43443 | WizLab   | Entered Borgnjor's Mausoleum
 44327 | Crypt:2  | Reached skill level 15 in Spellcasting
 44550 | Crypt:2  | Identified the +4 falchion of Spores {antimagic, Str-3
                  | Dex+4 SInv}
 44604 | Crypt:3  | Entered Level 3 of the Crypt
 44680 | Crypt:3  | Learned a level 7 spell: Spellforged Servitor
 45285 | Crypt:3  | Found a staircase to the Tomb.
 45579 | Crypt:3  | Noticed a dread lich
 45579 | Crypt:3  | Noticed a dread lich
 45579 | Crypt:3  | Noticed an ancient lich
 45652 | Crypt:3  | Killed an ancient lich
 45655 | Crypt:3  | Killed a dread lich
 45680 | Crypt:3  | Killed a dread lich
 45693 | Crypt:3  | Identified the staff "Worchor" {Fly rElec rN+ Dex+3 Necro}
 45701 | Crypt:3  | Identified the ring "Girgh" {rPois rF+ rN+ Dex+3 Stlth+}
 45706 | Crypt:3  | Got Ogiyj's Compilation of Fulgurous Refrigeration
 45707 | Crypt:3  | Identified the +7 dagger of a bazaar {spect, rElec Int+5}
 45761 | Tomb:1   | Entered Level 1 of the Tomb of the Ancients
 45927 | Tomb:1   | Reached XP level 25. HP: 131/229 MP: 39/43
 46178 | Tomb:1   | Reached skill level 17 in Shapeshifting
 46205 | Tomb:1   | Noticed a royal mummy
 46210 | Tomb:1   | Killed a royal mummy
 46829 | Tomb:2   | Noticed a royal mummy
 46830 | Tomb:2   | Noticed a royal mummy
 46830 | Tomb:2   | Noticed a royal mummy
 46830 | Tomb:2   | Noticed a royal mummy
 46831 | Tomb:2   | Noticed a royal mummy
 46836 | Tomb:2   | Killed a royal mummy
 46837 | Tomb:2   | Killed a royal mummy
 46837 | Tomb:2   | Killed a royal mummy
 46838 | Tomb:2   | Reached skill level 18 in Shapeshifting
 46839 | Tomb:2   | Killed a royal mummy
 46839 | Tomb:2   | Killed a royal mummy
 47276 | Tomb:1   | Identified the +3 robe of Febeuhee {*Slow +Inv Stlth+
                  | Archmagi}
 47276 | Tomb:1   | Noticed Boris
 47278 | Tomb:1   | Noticed a royal mummy
 47288 | Tomb:1   | Killed Boris
 47294 | Tomb:1   | Killed a royal mummy
 47370 | Tomb:1   | Noticed a royal mummy
 47371 | Tomb:1   | Noticed a royal mummy
 47375 | Tomb:1   | Killed a royal mummy
 47378 | Tomb:1   | Killed a royal mummy
 47378 | Tomb:1   | Noticed a royal mummy
 47510 | Tomb:1   | Noticed a royal mummy
 47515 | Tomb:1   | Killed a royal mummy
 47516 | Tomb:1   | Killed a royal mummy
 47517 | Tomb:1   | Reached skill level 19 in Shapeshifting
 47665 | Tomb:1   | Noticed a royal mummy
 47671 | Tomb:1   | Killed a royal mummy
 47677 | Tomb:1   | Noticed a royal mummy
 47680 | Tomb:1   | Noticed a royal mummy
 47684 | Tomb:1   | Killed a royal mummy
 47689 | Tomb:1   | Killed a royal mummy
 47794 | Tomb:1   | Noticed a royal mummy
 47799 | Tomb:1   | Killed a royal mummy
 47888 | Tomb:1   | Noticed a royal mummy
 47897 | Tomb:1   | Killed a royal mummy
 47962 | Tomb:1   | Noticed a royal mummy
 47962 | Tomb:1   | Noticed a royal mummy
 47971 | Tomb:1   | Killed a royal mummy
 47972 | Tomb:1   | Killed a royal mummy
 47976 | Tomb:1   | Noticed a royal mummy
 47981 | Tomb:1   | Killed a royal mummy
 48100 | Tomb:2   | Identified the +4 tower shield of Shadows and Fog {Harm
                  | Will- SInv Stlth+}
 48100 | Tomb:2   | Noticed Mennas
 48557 | Tomb:2   | Gained mutation: Your skin changes colour to match your
                  | surroundings (Stealth+). [mutagenic glow]
 48562 | Tomb:2   | Gained mutation: You are dopey. (Int -2) [mutagenic glow]
 48563 | Tomb:2   | HP: 14/297 [guardian mummy (12)]
 48563 | Tomb:2   | Slain by a bennu

Illustrated notes

Levels and vault maps discovered:
D:1:      eino_arrival_druids_welcome, layout_basic,
          shapermc_ecumenical_altar_starsandcircs, chequers_avenue
D:2:      layout_loops_ring
D:3:      layout_basic, mainiacjoe_overflow_24_doors, uniq_jessica
D:4:      layout_cave_pods, vehumet_altar_wand_db, serial_column_ruins,
          column_ruins_hut_water, column_ruins_hut_ruined,
          column_ruins_open_tiny, column_ruins_columns_straight,
          column_ruins_open_tiny, column_ruins_open_medium
D:5:      layout_basic, kennysheep_mini_moat
D:6:      layout_rooms, nicolae_ossuary_entry_monument, serial_shops, shop,
          nicolae_shop_tiny_waterfront, shop, shop
D:7:      kennysheep_big_flooded_room, layout_basic,
          minmay_temple_entry_water_ring, ebering_ghost_xom,
          chequers_serial_rivers_room_b, st_stairs_5, uniq_jeremiah,
          uniq_duvessa
D:8:      layout_gridville, grunt_temple_overflow_gold_and_silver,
          mainiacjoe_overflow_brackets, tso_metal_star, led_sif_book,
          grunt_ministairs_15
D:9:      layout_roguey [special_room_orc], mainiacjoe_overflow_tiny_flanked
D:10:     minmay_the_grid_octo_tiled_octocenter
          [minmay_the_grid_octo_tetromino_candy, minmay_the_grid_octo_clover_2,
          minmay_the_grid_octo_concentric, minmay_the_grid_octo_teeth,
          minmay_the_grid_octo_prize_star, minmay_the_grid_square_5x5_bracketed,
          minmay_the_grid_square_5x5_moneybag, minmay_the_grid_square_5x5_two,
          minmay_the_grid_square_5x5_two_walls_a], layout_cave_pools,
          fedhas_ov_isle_minmay, minmay_orc_entry_guard_dogs,
          nicolae_the_louvre, uniq_maggie
D:11:     layout_long_grid, erik_lair_orcish_takeover,
          hellmonk_guarded_unrand_cigotuvi, uniq_josephine, uniq_amaemon
D:12:     layout_basic, hangedman_decor_slide_cut, minmay_checkerbox
D:13:     layout_stronghold, hellmonk_vaults_keyhole, dk_noncrumbling_3,
          minmay_checkered_concentric_circles
D:14:     layout_roguey, nicolae_dithmenos_through_a_glass_darkly,
          small_chamber_with_monster, hangedman_decor_diamond_cutter,
          kiku_gazebo_garden_becter
D:15:     gammafunk_enter_depths_forms, layout_rooms
Temple:   minmay_temple_forest_path
Lair:1:   wander_river, layout_regular_city, minivault_27, pond
Lair:2:   layout_gridlike, alex1729_snake_entry_snake, basic_altar,
          chequers_serial_rivers_marsh, infiniplex_staircase_pool
Lair:3:   layout_regular_city, minmay_shoals_entry_hut,
          portal_ice_cave_entry_animals_and_master
Lair:4:   layout_layer_cave, serial_bayou_shore_a
Lair:5:   evilmike_catoblepas_cave, layout_regular_city, slime_entry_1,
          serial_bayou_lake_a, infiniplex_staircase_pool_2
Shoals:1: layout_shoals, serial_shops, shop, nicolae_shop_back_alley_shop, shop,
          nicolae_shop_rolled_up, nicolae_book_shop_shelving,
          hangedman_shoals_cup_caves
Shoals:2: layout_shoals
Shoals:3: layout_shoals, uniq_ilsuiw
Shoals:4: shoals_end_hangedman, layout_shoals, shoal_ilsuiw, uniq_louise
Snake:1:  layout_misc_corridors, serial_shops, nicolae_diamond_shop,
          grunt_ministairs_5, serial_nicolae_subway,
          nicolae_sub_station_crystal, nicolae_sub_station_stone,
          nicolae_sub_station_metal, minmay_shop_star, serial_bayou_shore_b,
          uniq_aizul, uniq_frances
Snake:2:  layout_cave_shapes, grunt_megastairs_3
Snake:3:  layout_onion, basic_altar, nicolae_triple_integral
Snake:4:  hellmonk_snake_rune_quicksilver_temple, layout_misc_corridors,
          serial_bayou_shore_b, uniq_vashnia
Orc:1:    layout_caves
Orc:2:    st_orc_mages, layout_caves, uniq_snorg
Elf:1:    eino_elf_arrival_customs, layout_geoelf_octagon, basic_altar,
          serial_shops, nicolae_diamond_shop, evilmike_minifort,
          chequers_big_river, hangedman_elf_power_crystal
Elf:2:    nicolae_elf_blades_splatter_lattice
          [nicolae_blade_entry_crossed_weapons], layout_gridlike,
          eino_tiny_chamber, nrook_mini_backslash
Elf:3:    grunt_elf_hall_branching, layout_geoelf_diagonals
Vaults:1: v_rooms_2, v_pattern_5, vaults_mumra_minichess, v_misc_13,
          nicolae_vaults_little_squares_1, vaults_room_fours,
          nicolae_vaults_closet_pinwheel_1, ontoclasm_vaults_chip,
          layout_vaults_omnigrid, uniq_boris
Vaults:2: v_pattern_3, hangedman_vaults_nodes, v_misc_13, v_misc_4,
          nicolae_vaults_gold_heap, nicolae_vaults_triangles,
          vaults_room_corners, nicolae_vaults_sesquioval_fish,
          hangedman_vaults_stretched_pinwheel, ontoclasm_vaults_tryst,
          nicolae_vaults_diamond_2, nicolae_vaults_little_ls,
          ontoclasm_vaults_decontamination, nicolae_vaults_little_squares_6,
          layout_vaults_omnicross, serial_shops, shop_fountains, uniq_mara
Vaults:3: vaults_dpeg_hooks, hangedman_vaults_slither, v_misc_26,
          ontoclasm_vaults_eye, vaults_room_grid,
          nicolae_vaults_little_squares_3, nicolae_vaults_mini_display_case,
          nicolae_vaults_sightless_eye, nicolae_vaults_sesquioval_fish,
          vaults_room_door_ring, vaults_room_door_ring,
          nicolae_vaults_trapezoid_lopsided_3, layout_vaults_big_room,
          dummy_crypt_entry, serial_shops, shop
Vaults:4: hangedman_vaults_restitches, nicolae_vaults_more_shelving_2,
          grunt_vaults_funnel, v_misc_25, nicolae_vaults_house_1,
          nicolae_vaults_diamond_2, v_misc_10, v_misc_8,
          hangedman_vaults_capsules, nicolae_vaults_trapezoid_2,
          grunt_vaults_twisty, nicolae_vaults_circle_grid_a,
          ontoclasm_vaults_shuriken, nicolae_vaults_hallways_thing,
          vaults_room_pool, layout_vaults_omnibox, serial_shops, shop
Vaults:5
Crypt:1:  layout_regular_city
Crypt:2:  layout_gridlike, infiniplex_enter_wizlab_water, basic_altar,
          serial_sigils_hangedman_snap
Crypt:3:  david_glass_crypt, layout_misc_corridors, tomb_entry_shell_bobbens,
          st_stairs_6
Tomb:1
Tomb:2:   uniq_mennas

Skill      XL: |  1  2  3  4  5  6  7  8  9 10 11 12 13 14 15 16 17 18 19 20 21 22 23 24 25 |
---------------+----------------------------------------------------------------------------+-----
Conjurations   | 2 3 4 6 8 9 10 | 10.0
Summonings     | 2 3 |  3.8
Alchemy        | 1 2 3 4 6 |  6.0
Air Magic      | 2 3 4 6 8 |  8.0
Polearms       | 1 2 |  2.0
Fighting       | 2 5 7 9 10 11 12 13 14 | 14.0
Spellcasting   | 5 6 7 8 10 11 14 16 | 16.1
Evocations     | 1 |  1.5
Armour         | 1 2 3 |  3.0
Dodging        | 2 3 |  3.3
Stealth        | 4 5 |  5.0
Earth Magic    | 2 4 |  4.0
Translocations | 2 3 4 5 |  5.0
Shields        | 5 10 11 14 15 18 | 18.0
Long Blades    | 2 |  2.0
Invocations    | 8 10 11 | 11.0
Fire Magic     | 5 6 7 8 12 17 18 | 18.0
Axes           | 1 2 5 |  5.8
Ice Magic      | 6 8 |  8.0
Shapeshifting  | 5 11 12 14 16 19 | 19.9
Throwing       | 2 |  2.0
Hexes          | 4 6 |  6.0
Necromancy     | 5 6 8 |  8.0

Action                     |  1- 3 |  4- 6 |  7- 9 | 10-12 | 13-15 | 16-18 | 19-21 | 22-24 | 25-27 || total
---------------------------+-------+-------+-------+-------+-------+-------+-------+-------+-------++-------
  Melee: Dagger            |     3 |       |       |       |       |       |       |       |       ||     3
         Spear             |     5 |       |       |       |       |       |       |       |       ||     5
         Trident           |     3 |    57 |       |   112 |       |       |       |       |       ||   172
         Halberd           |       |    30 |   132 |   190 |       |       |       |       |       ||   352
         Staff             |       |       |       |     9 |       |       |       |       |       ||     9
         Scimitar          |       |       |       |   262 |   393 |       |       |       |       ||   655
         Constrict         |       |       |       |       |   209 |   125 |   135 |   140 |    37 ||   646
         Double sword      |       |       |       |       |   266 |    68 |       |       |       ||   334
         Broad axe         |       |       |       |       |       |   303 |   468 |   581 |   106 ||  1458
         Unarmed           |       |       |       |       |       |     5 |       |       |       ||     5
         War axe           |       |       |       |       |       |       |     7 |       |       ||     7
  Throw: Stone             |       |     7 |     6 |       |       |       |       |       |       ||    13
         Dart              |       |       |    15 |    21 |       |       |       |       |       ||    36
         Boomerang         |       |       |       |    36 |    57 |    60 |       |       |       ||   153
         Throwing net      |       |       |       |     1 |       |       |       |       |       ||     1
         Javelin           |       |       |       |       |       |     3 |    10 |     4 |     1 ||    18
   Cast: Magic Dart        |    46 |     6 |     6 |       |       |       |       |       |       ||    58
         Call Imp          |    16 |    20 |    23 |    41 |       |       |       |       |       ||   100
         Mephitic Cloud    |       |     7 |    20 |   123 |   105 |    22 |     6 |       |       ||   283
         Blink             |       |     1 |     2 |    18 |    16 |     9 |    17 |     6 |       ||    69
         Stone Arrow       |       |       |     1 |    18 |       |     2 |       |       |       ||    21
         Airstrike         |       |       |       |       |    18 |    26 |    10 |     1 |       ||    55
         Sticky Flame      |       |       |       |       |     8 |     1 |    10 |    51 |       ||    70
         Freezing Cloud    |       |       |       |       |       |   178 |   117 |    30 |     1 ||   326
         Olgreb's Toxic Ra |       |       |       |       |       |     6 |    61 |    22 |       ||    89
         Ozocubu's Armour  |       |       |       |       |       |    10 |    22 |    18 |     1 ||    51
         Dispel Undead     |       |       |       |       |       |       |     3 |    39 |     9 ||    51
         Lesser Beckoning  |       |       |       |       |       |       |    11 |    46 |    21 ||    78
         Yara's Violent Un |       |       |       |       |       |       |     2 |     5 |       ||     7
         Starburst         |       |       |       |       |       |       |       |    28 |       ||    28
         Conjure Ball Ligh |       |       |       |       |       |       |       |     5 |     6 ||    11
         Ignition          |       |       |       |       |       |       |       |    12 |    38 ||    50
 Invoke: Slouch            |       |       |       |     2 |    11 |    18 |    11 |     4 |     3 ||    49
         Step From Time    |       |       |       |       |       |     5 |     3 |     4 |     4 ||    16
Ability: Spit Poison       |    28 |    35 |    22 |    66 |    41 |    11 |    20 |     4 |       ||   227
         Begin Untransform |       |       |       |       |       |     3 |     1 |       |       ||     4
  Evoke: Wand              |       |     2 |    25 |    10 |     5 |     8 |       |     7 |       ||    57
         Lightning rod     |       |       |       |     4 |     7 |     1 |     8 |       |       ||    20
         Condenser vane    |       |       |       |     1 |       |       |       |       |       ||     1
    Use: Scroll            |     2 |     8 |     3 |     6 |    27 |    13 |     9 |    16 |     7 ||    91
         Potion            |       |     1 |       |     4 |     4 |     8 |     3 |     5 |    11 ||    36
   Stab: Confused          |       |     4 |     4 |    40 |    45 |     9 |     5 |       |       ||   107
         Sleeping          |       |       |     7 |     2 |     7 |    10 |    20 |     6 |       ||    52
         Invisible         |       |       |       |     2 |       |       |       |       |     4 ||     6
         Distracted        |       |       |       |       |       |     1 |       |       |       ||     1
 Armour: Robe              |    26 |    44 |    68 |       |       |       |       |       |     3 ||   141
         Steam dragon scal |       |       |    20 |   279 |       |       |       |       |       ||   299
         Troll leather arm |       |       |       |   175 |   599 |   489 |   437 |       |       ||  1700
         Leather armour    |       |       |       |       |       |   207 |       |       |       ||   207
         Skin              |       |       |       |       |       |    11 |   550 |  1685 |   483 ||  2729
  Dodge: Dodged            |    19 |    38 |    62 |   332 |   305 |   177 |   260 |   535 |   137 ||  1865
         Repelled          |       |       |       |       |       |       |       |    74 |       ||    74
  Block: Kite shield       |       |       |       |   300 |   658 |   360 |       |       |       ||  1318
         Tower shield      |       |       |       |       |       |   456 |  1159 |  2079 |   466 ||  4160
   Form: Serpent           |       |       |       |       |       |     3 |       |       |       ||     3
         Statue            |       |       |       |       |       |       |     2 |       |     1 ||     3
         Death             |       |       |       |       |       |       |       |       |     1 ||     1

Table legend: (Time is in decaauts)
 A = Elapsed time spent in this place.
 B = Non-inter-level travel time spent in this place.
 C = Inter-level travel time spent in this place.
 D = Time resting spent in this place.
 E = Time spent auto-exploring this place.
 F = Levels seen in this place.
 G = Mean time per level.
                   A        B        C        D        E       F      G
               +--------+--------+--------+--------+--------+-----+--------+
         Total | 113133 |  94476 |  18657 |    127 |  47093 |  47 | 2407.1 |
       Dungeon |  26906 |  22278 |   4628 |      0 |  11560 |  15 | 1793.7 |
        Temple |      1 |      1 |      0 |      0 |      0 |   1 |    1.0 |
          Lair |  12280 |  10433 |   1847 |      0 |   7329 |   5 | 2456.0 |
        Shoals |   8017 |   7247 |    770 |      0 |   4033 |   4 | 2004.2 |
     Snake Pit |  12084 |  10045 |   2039 |      0 |   4954 |   4 | 3021.0 |
  Orcish Mines |   2954 |   2171 |    783 |      0 |   1623 |   2 | 1477.0 |
   Elven Halls |  10332 |   9103 |   1229 |      0 |   3882 |   3 | 3444.0 |
        Vaults |  21978 |  17414 |   4564 |      0 |   8950 |   5 | 4395.6 |
         Crypt |   7763 |   7078 |    685 |      0 |   3175 |   3 | 2587.7 |
          Tomb |   7900 |   5791 |   2109 |    127 |   1357 |   2 | 3950.0 |
       Ossuary |    440 |    440 |      0 |      0 |    113 |   1 |  440.0 |
      Ice Cave |    968 |    968 |      0 |      0 |      0 |   1 |  968.0 |
        Wizlab |   1505 |   1505 |      0 |      0 |    112 |   1 | 1505.0 |
               +--------+--------+--------+--------+--------+-----+--------+

Top non-repeatable levels by time:
  Tomb:1: 6486 daAuts
Vaults:4: 5795 daAuts
Vaults:1: 5471 daAuts
   Elf:1: 4056 daAuts
Vaults:3: 3839 daAuts
 Snake:3: 3657 daAuts
Vaults:5: 3640 daAuts
 Crypt:3: 3363 daAuts
Vaults:2: 3230 daAuts
     D:9: 3205 daAuts
   Elf:2: 3197 daAuts
 Snake:4: 3141 daAuts
 Snake:1: 3116 daAuts
   Elf:3: 3078 daAuts
    D:13: 3078 daAuts
